 Dungeon Sprint DCSS version 0.23-a0-703-gdf2d5e0 (webtiles) character file.

432 rednecknazgul the Slicer (level 7, -4/40 HPs)
             Began as a Vine Stalker Gladiator on Jan 14, 2019.
             Was an Initiate of Gozag.
             Succumbed to Sonja's curare-tipped needle
             ... in the Dungeon (Sprint I: "Red Sonja").
             The game lasted 00:01:09 (269 turns).

rednecknazgul the Slicer (Vine Stalker Gladiator)    Turns: 269, Time: 00:01:10

Health: -4/40      AC:  8    Str: 19    XL:     7   Next: 0%
Magic:  2/8        EV: 14    Int:  8    God:    Gozag
Gold:   297        SH:  0    Dex: 15    Spells: 6/6 levels left

rFire    . . .     SeeInvis .   a - +0 rapier
rCold    . . .     Gourm    .   (no shield)
rNeg     . . .     Faith    .   l - +0 ring mail
rPois    .         Spirit   +   c - +0 helmet
rElec    .         Reflect  .   (no cloak)
rCorr    .         Harm     .   (no gloves)
MR       .....     NoTele   +   b - +0 pair of boots (curse)
Stlth    +.........             (no amulet)
HPRegen  0.53/turn              (no ring)
MPRegen  0.11/turn              (no ring)

@: lethally poisoned (-4 -> -48), berserk cooldown, slowed, very slow
A: fangs 2, regeneration 1, magic shield, antimagic bite, no potion heal 3, rot
immunity
a: Potion Petition, Call Merchant, Bribe Branch, Renounce Religion


You were in the Dungeon.
You worshipped Gozag.
Gozag was aware of your devotion.
You were not hungry.

You visited 1 branch You collected 297 gold pieces.

Inventory:

Hand Weapons
 a - a +0 rapier (weapon)
Armour
 b - a cursed +0 pair of boots (worn)
 c - a +0 helmet (worn)
 l - a +0 ring mail (worn)
Scrolls
 k - a scroll of blinking
Potions
 e - a potion of curing
 g - a potion of heal wounds
 h - a potion of haste
 i - 2 potions of magic
Comestibles
 f - a ration


   Skills:
 + Level 6.1 Fighting
 * Level 8.8 Short Blades
 - Level 1.7 Throwing
 + Level 5.2 Armour
 + Level 5.9 Dodging


You had 6 spell levels left.
You didn't know any spells.
Your spell library was empty.

Dungeon Overview and Level Annotations

Branches:
Dungeon (1/1)

Altars:
Cheibriados
Dithmenos
Elyvilon
Fedhas
Gozag
Hepliaklqana
Kikubaaqudgha
Nemelex Xobeh
Okawaru
Qazlal
Ru
Sif Muna
Trog
Uskayaw
Vehumet
Wu Jian
Yredelemnul
Zin
The Shining One

Shops:
D %

Annotations:
D Sonja


Innate Abilities, Weirdness & Mutations

You have extremely sharp teeth.
Your natural rate of healing is unusually fast.
When hurt, damage is shared between your health and your magic reserves.
Your bite disrupts and absorbs the magic of your enemies.
Potions cannot restore your health.
You are immune to rotting.


Message History

You see here 2 curare-tipped needles.
Unknown command.
You feel extremely sick.
Sonja mumbles some strange words.
Sonja blinks!
Sonja shoots a curare-tipped needle.
The curare-tipped needle hits you.
You are more poisoned.
You have difficulty breathing.
* * * LOW HITPOINT WARNING * * *
You feel as though you will be slow longer.
You see here a curare-tipped needle.
* * * LOW HITPOINT WARNING * * *
You feel extremely sick.
Sonja shoots a curare-tipped needle.
The curare-tipped needle barely misses you.
There is an open door here.
You see here 2 curare-tipped needles.
Unknown command.
You die...
Your body crumbles into a pile of gold.

################
#<.#.[').#..'..#
$$
#..'..#..').#..+
$$
#..#####'#####'#
#..####..#((.#(#
#..#__####.(##.#
$$
#..#_____##(#_.+
#⌠⌠#_.∩...†(@._#
$$
####_..__##K.#+#
$$#_____###'#$ $
$ ####### #.# $
$ $.$ $$ $$ $.$#
$ #.## $#+#$ $ $
$ $


You could see Sonja.

Vanquished Creatures
  Sigmund (D)
  A yak (D)
  An ogre (D)
  A jelly (D)
  Ijyb (D)
5 creatures vanquished.

Notes
Turn   | Place    | Note
-------+----------+-------------------------------------------
     0 | D        | rednecknazgul the Vine Stalker Gladiator began the quest
                  | for the Orb.
     0 | D        | Reached XP level 1. HP: 11/11 MP: 2/2
     2 | D        | Noticed Ijyb
    25 | D        | Killed Ijyb
    25 | D        | Reached skill level 4 in Short Blades
    25 | D        | Reached skill level 1 in Armour
    25 | D        | Reached XP level 2. HP: 11/16 MP: 1/3
    25 | D        | Reached XP level 3. HP: 13/19 MP: 1/4
   118 | D        | Noticed an ogre
   125 | D        | Killed an ogre
   125 | D        | Reached skill level 5 in Short Blades
   125 | D        | Gained mutation: Your natural rate of healing is unusually
                  | fast. [Vine Stalker growth]
   125 | D        | Reached XP level 4. HP: 21/25 MP: 3/5
   140 | D        | Noticed Sigmund
   147 | D        | Killed Sigmund
   147 | D        | Reached skill level 5 in Fighting
   147 | D        | Reached skill level 7 in Short Blades
   147 | D        | Reached skill level 5 in Dodging
   147 | D        | Reached XP level 5. HP: 25/30 MP: 3/6
   147 | D        | Reached XP level 6. HP: 29/35 MP: 3/7
   169 | D        | Found an ornate altar of the Wu Jian Council.
   169 | D        | Found a deep blue altar of Sif Muna.
   171 | D        | Found a radiant altar of Vehumet.
   201 | D        | Found Ruukk's Food Emporium.
   201 | D        | Found an ancient bone altar of Kikubaaqudgha.
   201 | D        | Found a hazy altar of Hepliaklqana.
   201 | D        | Found a stormy altar of Qazlal.
   201 | D        | Found a hide-covered altar of Uskayaw.
   201 | D        | Found a blossoming altar of Fedhas.
   201 | D        | Found a bloodstained altar of Trog.
   201 | D        | Found an iron altar of Okawaru.
   201 | D        | Found a basalt altar of Yredelemnul.
   201 | D        | Found a glowing golden altar of the Shining One.
   201 | D        | Found a snail-covered altar of Cheibriados.
   201 | D        | Found a sacrificial altar of Ru.
   201 | D        | Found a glowing silver altar of Zin.
   201 | D        | Found a shadowy altar of Dithmenos.
   201 | D        | Found a white marble altar of Elyvilon.
   201 | D        | Noticed a yak
   217 | D        | Killed a yak
   217 | D        | Reached skill level 8 in Short Blades
   217 | D        | Reached skill level 5 in Armour
   217 | D        | Reached XP level 7. HP: 25/40 MP: 4/8
   218 | D        | Found an opulent altar of Gozag.
   219 | D        | Found a sparkling altar of Nemelex Xobeh.
   230 | D        | Became a worshipper of Gozag Ym Sagoz the Greedy
   258 | D        | Noticed Sonja
   268 | D        | HP: 1/40 [poisoned by Sonja (curare-tipped needle)]
   269 | D        | Succumbed to Sonja's curare-tipped needle

Vault maps used:
D:        dungeon_sprint_1

Skill      XL: |  1  2  3  4  5  6 |
---------------+-------------------+-----
Fighting       | 2 4 5 6 |  6.1
Short Blades   | 4 5 7 8 |  8.8
Armour         | 1 3 4 5 |  5.2
Dodging        | 3 4 5 |  5.9
Throwing       | |  1.7

Action                   |  1- 3 |  4- 6 |  7- 9 || total
-------------------------+-------+-------+-------++-------
Melee: Rapier            |    27 |    20 |       ||    47
       Bite              |     9 |     7 |       ||    16
Throw: Throwing net      |     1 |     3 |     1 ||     5
  Use: Potion            |       |       |     1 ||     1
 Stab: Held in net/web   |       |     3 |       ||     3
Armor: Leather armour    |     6 |       |       ||     6
       Ring mail         |       |     2 |       ||     2
Dodge: Dodged            |    11 |     3 |     3 ||    17

Table legend:
 A = Non-vault XP
 B = Vault XP
 C = Vault XP percentage of total XP
 D = Non-vault monster count
 E = Vault monster count
 F = Vault count percentage of total count
                 A         B        C        D         E       F
            +---------+---------+-------+---------+---------+-------
      Total |       0 |     618 | 100.0 |       0 |       5 | 100.0
            +---------+---------+-------+---------+---------+-------
          D |       0 |     618 | 100.0 |       0 |       5 | 100.0
            +---------+---------+-------+---------+---------+-------
